AoeStats
← Chewy

Arabia

507416572Analyzed
4v4 RM · 14d ago on Sep 18, 2026· 48m 55s· 8 players
Game mode
Random Map
Map size
Large (8 player)
Population
200
Speed
Normal
Resources
Standard
Victory
Conquest
Starting age
Dark Age
Ending age
Imperial Age
RankedLock teamsTeams togetherTeam positionsShared explorationLock speedFull tech treeHidden civsTurbo modeCheats
Victory
Defeat
🇺🇸 Persians · United States
1192
+13
🇦🇷 Koreans · Argentina
1177
+14
🇨🇳 Poles · China
1166
+14
🇻🇳 Ethiopians · Vietnam
1160
+15
🇺🇸 Georgians · United States
1217
-43
🇺🇸 Romans · United States
1170
-42
🇺🇸 Franks · United States
1070
-12
🇵🇦 Britons · Panama
1066
-11
Casco7777628
9:09 Loom
11:48 Feudal Age
12:44 Double-Bit Axe
15:35 Gold Mining
18:08 Fletching
18:39 Town Watch
24:11 Castle Age
24:40 Crossbowman
27:41 Bodkin Arrow
28:27 Gold Shaft Mining
29:08 Horse Collar
29:58 Ballistics
35:59 Imperial Age
35:32 Murder Holes
35:18 Treadmill Crane
36:37 Thumb Ring
36:49 Bracer
39:52 Conscription
40:38 Arbalester
42:07 Wheelbarrow
43:05 Hand Cart
43:14 Scale Mail Armor
43:25 Forging
48:43 Eupseong
49:20 Squires
丧心病狂
5:10 Loom
11:20 Feudal Age
12:39 Double-Bit Axe
17:41 Castle Age
16:24 Forging
16:19 Scale Barding Armor
16:46 Horse Collar
18:03 Bloodlines
18:18 Scale Barding Armor
28:37 Stone Mining
29:15 Husbandry
35:25 Heavy Plow
35:33 Szlachta Privileges
35:21 Gold Mining
40:23 Imperial Age
38:34 Wheelbarrow
39:02 Chain Barding Armor
40:48 Iron Casting
40:35 Bow Saw
40:14 Town Watch
40:44 Hand Cart
40:58 Town Patrol
41:30 Conscription
40:36 Cavalier
42:29 Blast Furnace
cutomuto
1:48 Loom
9:57 Feudal Age
10:58 Double-Bit Axe
11:38 Horse Collar
11:52 Gold Mining
19:21 Wheelbarrow
22:31 Castle Age
20:49 Horse Collar
21:01 Fletching
21:27 Padded Archer Armor
22:02 Scale Mail Armor
22:38 Elite Skirmisher
22:41 Crossbowman
23:13 Elite Skirmisher
24:14 Bodkin Arrow
25:01 Leather Archer Armor
24:59 Bow Saw
27:35 Forging
30:01 Iron Casting
32:14 Thumb Ring
35:18 Scale Mail Armor
36:06 Hand Cart
37:16 Heavy Plow
38:05 Ballistics
41:01 Imperial Age
40:19 Royal Heirs
42:08 Conscription
42:53 Chemistry
41:39 Halberdier
43:36 Bracer
45:02 Ring Archer Armor
45:33 Blast Furnace
47:29 Chain Mail Armor
47:27 Masonry
DUDA
6:16 Loom
8:51 Feudal Age
9:38 Double-Bit Axe
15:51 Horse Collar
20:37 Castle Age
19:33 Gold Mining
20:31 Scale Barding Armor
20:37 Forging
20:59 Bloodlines
21:35 Bow Saw
24:09 Husbandry
25:53 Wheelbarrow
24:40 Light Cavalry
31:34 Chain Barding Armor
31:22 Heavy Plow
37:15 Imperial Age
35:31 Gold Shaft Mining
34:48 Stone Mining
36:16 Iron Casting
35:29 Town Watch
35:14 Pikeman
35:55 Squires
37:17 Hand Cart
37:05 Scale Mail Armor
36:54 Heavy Camel Rider
39:46 Plate Barding Armor
42:14 Two-Man Saw
42:35 Blast Furnace
42:17 Chain Mail Armor
42:39 Conscription
42:15 Halberdier
44:50 Cavalier
48:25 Savar
49:51 Crop Rotation
halgorithm
6:09 Loom
9:02 Feudal Age
9:44 Double-Bit Axe
19:43 Castle Age
18:36 Scale Barding Armor
19:53 Gold Mining
20:15 Forging
32:33 Bow Saw
36:38 Gold Shaft Mining
38:55 Iron Casting
40:42 Chain Barding Armor
40:14 Fletching
44:58 Bodkin Arrow
YummyPepperoni
2:53 Loom
5:10 Loom
8:41 Feudal Age
10:39 Double-Bit Axe
19:32 Castle Age
17:52 Horse Collar
18:52 Wheelbarrow
20:03 Scale Mail Armor
20:13 Forging
20:29 Squires
19:50 Man-at-Arms
20:57 Fletching
23:12 Long Swordsman
24:18 Chain Mail Armor
24:50 Iron Casting
25:01 Bow Saw
47:51 Imperial Age
48:14 Legionary
Chewy
8:02 Loom
10:08 Feudal Age
14:18 Castle Age
12:48 Double-Bit Axe
14:16 Horse Collar
15:32 Bow Saw
15:28 Fletching
20:55 Wheelbarrow
21:07 Fervor
25:13 Bodkin Arrow
27:15 Ballistics
28:44 Scale Barding Armor
30:56 Forging
38:16 Chain Barding Armor
38:20 Murder Holes
41:45 Imperial Age
39:44 Bloodlines
39:35 Husbandry
40:27 Svan Towers
41:54 Iron Casting
41:38 Hand Cart
41:10 Town Watch
43:23 Plate Barding Armor
43:48 Blast Furnace
43:15 Aznauri Cavalry
45:10 Bracer
46:14 Chemistry
45:25 Masonry
45:30 Stone Mining
45:48 Elite Monaspa
48:32 Guilds
Diosito
8:33 Loom
8:50 Loom
10:36 Feudal Age
14:24 Gold Mining
16:39 Castle Age
14:51 Double-Bit Axe
18:05 Fletching
18:19 Padded Archer Armor
18:42 Horse Collar
20:41 Bodkin Arrow
25:28 Wheelbarrow
24:55 Gold Mining
27:49 Ballistics
29:16 Leather Archer Armor
34:07 Town Watch
39:05 Imperial Age
42:19 Elite Longbowman
45:14 Bracer
45:44 Ring Archer Armor
48:06 Conscription
49:00 Chemistry
Connection lost

Rejoining the realm…

Still unreachable

The connection could not be restored.

Session expired

The server has moved on; the page needs a fresh start.